 Dungeon Crawl Stone Soup version 0.31-a0-845-g9abc20d24f (webtiles) character file.

Game seed: 3171378368077153170

49 Barthur98 the Shield-Bearer (level 3, -4/26 HPs)
             Began as a Gnoll Wanderer on Oct 2, 2023.
             Slain by a cerulean imp
             ... wielding a +1 spear
             ... summoned by Natasha
              (6 damage)
             ... on level 3 of the Dungeon.
             The game lasted 00:04:53 (703 turns).

Barthur98 the Shield-Bearer (Gnoll Wanderer)         Turns: 703, Time: 00:04:54

Health: -4/26      AC:  2    Str: 10    XL:     3   Next: 75%
Magic:  9/9        EV: 11    Int: 13    God:
Gold:   29         SH:  5    Dex: 12    Spells: 11/12 levels left

rFire   . . .        a - +0 rapier
rCold   . . .        b - +0 buckler
rNeg    + . .        d - +0 robe
rPois   .            (helmet restricted)
rElec   +            (no cloak)
rCorr   .            (no gloves)
SInv    .            (no boots)
Will    +....        (no amulet)
Stlth   ++           e - ring of positive energy
HPRegen 0.24/turn    (no ring)
MPRegen 0.11/turn

%: no passive effects
@: enlightened, flying
A: fangs 1, strong nose, distributed training, antennae 1, electricity
resistance
a: no special abilities


You were on level 3 of the Dungeon.
You visited 1 branch of the dungeon, and saw 3 of its levels.

You collected 29 gold pieces.

Inventory:

Hand Weapons
 a - a +0 rapier (weapon)
Armour
 b - a +0 buckler (worn)
 d - a +0 robe (worn)
Jewellery
 e - a ring of positive energy (left hand)
Wands
 g - a wand of iceblast (3)
Scrolls
 h - a scroll of identify


   Skills:
 + Level 1.0 Fighting
 + Level 6.5 Short Blades
 + Level 1.0 Long Blades
 + Level 1.0 Axes
 + Level 1.0 Maces & Flails
 + Level 1.0 Polearms
 + Level 1.0 Staves
 + Level 1.0 Ranged Weapons
 + Level 1.0 Throwing
 + Level 1.0 Armour
 + Level 1.0 Dodging
 + Level 1.0 Stealth
 + Level 6.5 Shields
 + Level 1.0 Unarmed Combat
 + Level 5.0 Spellcasting
 + Level 3.8 Conjurations
 + Level 0.7 Hexes
 + Level 0.7 Summonings
 + Level 0.7 Necromancy
 + Level 0.7 Translocations
 + Level 0.7 Transmutations
 + Level 0.7 Fire Magic
 + Level 0.7 Ice Magic
 + Level 0.7 Air Magic
 + Level 0.7 Earth Magic
 + Level 0.7 Poison Magic
 + Level 1.0 Invocations
 + Level 1.0 Evocations
 + Level 0.8 Shapeshifting


You had 11 spell levels left.
You knew the following spells:

 Your Spells              Type           Power      Damage    Failure   Level
a - Shock                 Conj/Air       36%        1d5       10%         1

Your spell library contained the following spells:

 Spells                   Type           Power      Damage    Failure   Level
 Hailstorm                Conj/Ice       9%         3d4       30%         3


Dungeon Overview and Level Annotations

Branches:
Dungeon (3/15)

Altars:

Annotations:
D:3 Natasha


Innate Abilities, Weirdness & Mutations

You have very sharp teeth.
Your uncanny sense of smell can sniff out nearby items.
Your experience applies equally to all skills.
You have a pair of small antennae on your head.
You are resistant to electric shocks. (rElec)


Message History

The cerulean imp attacks as it pursues you!
The cerulean imp closely misses you.
The cerulean imp hits you with a +0 spear.
Natasha casts a spell.
You closely miss the cerulean imp. You block the cerulean imp's attack.
Natasha mumbles some strange words.
You barely miss the cerulean imp.
The cerulean imp hits you with a +0 spear.
The cerulean imp hits you from afar with a +1 spear.
You feel better.
The cerulean imp hits you with a +0 spear.
The cerulean imp hits you from afar with a +1 spear.
* * * LOW HITPOINT WARNING * * *
You feel very buoyant.
You fly up into the air.
The cerulean imp barely misses you. x2
The cerulean imp barely misses you.
Unknown command.
The cerulean imp misses you.
Natasha howls an incantation.
You feel troubled. You block the cerulean imp's attack.
The cerulean imp misses you.
The cerulean imp hits you from afar with a +1 spear.
* * * LOW HITPOINT WARNING * * *
The cerulean imp barely misses you.
The cerulean imp hits you from afar with a +1 spear.
* * * LOW HITPOINT WARNING * * *
The cerulean imp attacks as it pursues you!
You block the cerulean imp's attack. You block the cerulean imp's attack.
The cerulean imp attacks as it pursues you!
The cerulean imp hits you from afar with a +0 spear.
* * * LOW HITPOINT WARNING * * *
The cerulean imp hits you from afar with a +0 spear.
* * * LOW HITPOINT WARNING * * *
You block the cerulean imp's attack.
The cerulean imp disappears in a puff of smoke!
The cerulean imp attacks as it pursues you!
The cerulean imp hits you from afar with a +1 spear.
You die...

#5..# #########
#...###........ ..#
#... ........ .. .
#..####.###..# ..#.#
#..)h..5.##.. .....
##.####..##.# ......
#.# #..##.###...#.#
#.####...h5........#
#.#.......5.@##....
..#.##.#.....# . ###
#...........
###.....#### #.....#
###..... ######


You could see Natasha and 2 cerulean imps.

Vanquished Creatures
  2 adders (D:2)
  4 bats (D:1)
  4 endoplasms
  A giant cockroach (D:1)
  3 hobgoblins (D:1)
  A quokka (D:1)
  2 ball pythons (D:1)
  4 frilled lizards
  5 goblins
  4 kobolds (D:1)
30 creatures vanquished.

Notes
Turn   | Place    | Note
-------+----------+-------------------------------------------
     0 | D:1      | Barthur98 the Gnoll Wanderer began the quest for the Orb.
     0 | D:1      | Barthur98 set off with the following items: a +0 rapier, a
                  | +0 buckler, a potion of curing, a +0 robe; and the
                  | following spell memorised: Shock; and the following spells
                  | available to memorise: Hailstorm.
     0 | D:1      | Reached XP level 1. HP: 13/13 MP: 6/6
   114 | D:1      | Reached XP level 2. HP: 17/19 MP: 7/7
   118 | D:1      | Gained mutation: You are resistant to electric shocks.
                  | (rElec) [potion of mutation]
   118 | D:1      | Gained mutation: You have a pair of small antennae on your
                  | head. [potion of mutation]
   411 | D:1      | Reached skill level 5 in Spellcasting
   411 | D:1      | Reached XP level 3. HP: 25/25 MP: 7/9
   571 | D:2      | Reached skill level 1 in Invocations
   665 | D:3      | Reached skill level 1 in Fighting
   665 | D:3      | Reached skill level 1 in Long Blades
   665 | D:3      | Reached skill level 1 in Axes
   665 | D:3      | Reached skill level 1 in Maces & Flails
   665 | D:3      | Reached skill level 1 in Polearms
   665 | D:3      | Reached skill level 1 in Staves
   665 | D:3      | Reached skill level 1 in Ranged Weapons
   665 | D:3      | Reached skill level 1 in Throwing
   665 | D:3      | Reached skill level 1 in Armour
   665 | D:3      | Reached skill level 1 in Dodging
   665 | D:3      | Reached skill level 1 in Stealth
   665 | D:3      | Reached skill level 1 in Unarmed Combat
   665 | D:3      | Reached skill level 1 in Evocations
   677 | D:3      | Noticed Natasha
   702 | D:3      | HP: 1/26 [cerulean imp/+0 spear[Natasha] (1)]
   703 | D:3      | Slain by a cerulean imp

Illustrated notes

Levels and vault maps discovered:
D:1:      psy_arrival_statuary, layout_rooms
D:2:      layout_loops_corners, uniq_jessica
D:3:      layout_loops_ring, serial_shops, nicolae_shop_behind_doors,
          uniq_grinder, uniq_natasha

Skill      XL: |  1  2  3 |
---------------+----------+-----
Spellcasting   | 5 |  5.0
Invocations    | 1 |  1.0
Fighting       | 1 |  1.0
Long Blades    | 1 |  1.0
Axes           | 1 |  1.0
Maces & Flails | 1 |  1.0
Polearms       | 1 |  1.0
Staves         | 1 |  1.0
Ranged Weapons | 1 |  1.0
Throwing       | 1 |  1.0
Armour         | 1 |  1.0
Dodging        | 1 |  1.0
Stealth        | 1 |  1.0
Unarmed Combat | 1 |  1.0
Evocations     | 1 |  1.0
Short Blades   | |  6.5
Shields        | |  6.5
Conjurations   | |  3.8
Hexes          | |  0.7
Summonings     | |  0.7
Necromancy     | |  0.7
Translocations | |  0.7
Transmutations | |  0.7
Fire Magic     | |  0.7
Ice Magic      | |  0.7
Air Magic      | |  0.7
Earth Magic    | |  0.7
Poison Magic   | |  0.7
Shapeshifting  | |  0.8

Action                     || total
---------------------------++-------
  Melee: Rapier            ||    80
         Bite              ||     3
    Use: Potion            ||     7
         Scroll            ||     3
   Stab: Sleeping          ||     1
 Armour: Robe              ||    55
  Dodge: Dodged            ||    54
  Block: Buckler           ||    32

Table legend: (Time is in decaauts)
 A = Elapsed time spent in this place.
 B = Non-inter-level travel time spent in this place.
 C = Inter-level travel time spent in this place.
 D = Time resting spent in this place.
 E = Time spent auto-exploring this place.
 F = Levels seen in this place.
 G = Mean time per level.
                   A        B        C        D        E       F      G
               +--------+--------+--------+--------+--------+-----+--------+
         Total |    677 |    610 |     67 |      0 |    251 |   3 |  225.7 |
       Dungeon |    677 |    610 |     67 |      0 |    251 |   3 |  225.7 |
               +--------+--------+--------+--------+--------+-----+--------+

Top non-repeatable levels by time:
     D:1: 525 daAuts
     D:2: 108 daAuts
     D:3: 43 daAuts
